 Dungeon Crawl Stone Soup version 0.18-a0-1577-gf591c28 (webtiles) character file.

245 namelastname112 the Skirmisher (level 5, 0/50 HPs)
             Began as a Draconian Wanderer on Mar 23, 2016.
             Slain by a river rat (8 damage)
             ... in a sewer.
             The game lasted 00:04:53 (2218 turns).

namelastname112 the Skirmisher (Draconian Wanderer) Turns: 2218, Time: 00:04:53

Health: 0/50       AC:  7    Str: 13    XL:     5   Next: 83%
Magic:  5/5        EV: 12    Int: 14    God:
Gold:   136        SH:  3    Dex: 11    Spells: 0 memorised, 4 levels left

rFire  . . .     SeeInvis +     n - +1 whip (drain)
rCold  . . .     Gourm    .     (armour unavailable)
rNeg   . . .     Faith    .     (no shield)
rPois  .         Spirit   .     (helmet restricted)
rElec  .         Dismiss  .     (no cloak)
rCorr  +         Reflect  +     x - +1 pair of gloves
SustAt .         Harm     .     (no boots)
MR     .....                    s - +3 amulet of reflection
Stlth  +.........               a - ring of resist corrosion
                                f - ring of see invisible

@: not resistant to hostile enchantments, very unstealthy
A: unfitting armour, cold-blooded, AC +5
a: no special abilities


You were in a sewer.
You were hungry.

You visited 1 branch of the dungeon, and saw 3 of its levels.
You also visited: Sewer.

You collected 136 gold pieces.

Inventory:

Hand Weapons
 e - a +0 blowgun
 n - a +1 whip of draining (weapon)
Missiles
 i - 6 curare-tipped needles
Armour
 k - a +0 shield
 x - a +1 pair of gloves (worn)
Jewellery
 a - a ring of resist corrosion (right hand)
 f - a ring of see invisible (left hand)
 s - a +3 amulet of reflection (around neck)
Wands
 t - a wand of polymorph (22/24)
Scrolls
 m - a scroll of teleportation
Potions
 b - 2 potions of brilliance {unknown}
 c - a potion of curing
 h - 3 potions of heal wounds {unknown}
 j - 3 potions of agility
 u - a potion of berserk rage {unknown}
 v - 2 potions of might
Comestibles
 d - 3 bread rations
 g - 2 beef jerkies
 p - 2 meat rations
 q - 2 fruits


   Skills:
 + Level 6.3 Fighting
 * Level 5.0 Maces & Flails
 - Level 1.0 Throwing
 + Level 2.6 Dodging
 - Level 1.0 Stealth


You had 4 spell levels left.
You didn't know any spells.

Dungeon Overview and Level Annotations

Branches:
Dungeon (3/15)

Altars:
Trog


Innate Abilities, Weirdness & Mutations

Your plain brown scales are hard (AC +5).
Your body does not fit into most forms of armour.
You are cold-blooded and may be slowed by cold attacks.


Message History

The rat closely misses you.
You hit the river rat.
Your tail-slap misses the river rat.
The river rat is almost dead.
You block the rat's attack. The river rat barely misses you.
The rat closely misses you.
The rat bites you but does no damage. x2
You closely miss the river rat. You tail-slap the river rat.
You kill the river rat!
The rat closely misses you. You block the rat's attack. The rat bites you.
* * * LOW HITPOINT WARNING * * *
The rat closely misses you.
You see here a river rat corpse.
You barely miss the rat.
The rat bites you but does no damage. x3
The rat barely misses you.
You hit the rat.
You kill the rat!
The rat misses you. You block the rat's attack. The rat closely misses you.
The rat barely misses you.
A rat and 3 river rats come into view.
The rat closely misses you. The rat misses you. The river rat bites you!
You die...

≈≈≈≈≈≈≈≈≈≈...........≈≈≈≈≈≈≈≈≈≈≈#
≈≈≈≈≈≈≈≈≈≈≈.......≈≈≈≈≈≈≈≈≈≈≈≈≈≈#
≈≈≈≈≈≈≈≈≈≈≈≈≈≈≈≈≈≈≈≈≈≈≈≈≈≈≈≈≈≈≈≈≈
≈≈≈≈≈≈≈≈≈≈≈≈≈≈≈≈≈≈≈≈≈≈≈≈≈≈≈≈≈≈≈≈#
≈≈≈≈≈≈≈≈≈...........≈≈≈≈≈≈≈≈≈≈≈≈≈
≈≈##.....................≈≈≈≈≈≈≈#
###..........†††r.##......##≈≈≈
....##......rr####...... ...
##.....r@# .... #........r.r....
.....####...rr### ...## ##..###
### ###


You could see 3 river rats and 5 rats.

Vanquished Creatures
  Natasha (thrice) (D:2)
  4 river rats (Sewer)
  4 adders
  4 worms
  A dart slug (D:2)
  A giant gecko (D:2)
  5 ball pythons
  10 bats
  6 giant cockroaches
  8 goblins
  2 hobgoblins
  7 jackals
  A quokka (D:2)
  7 giant newts
  14 kobolds
  12 rats
89 creatures vanquished.

Notes
Turn   | Place    | Note
--------------------------------------------------------------
     0 | D:1      | namelastname112 the Draconian Wanderer began the quest for the Orb.
     0 | D:1      | namelastname112 set off with: a +2 mace, a +0 hand axe, a potion of curing, a bread ration
     0 | D:1      | Reached XP level 1. HP: 23/23 MP: 1/1
    60 | D:1      | Reached XP level 2. HP: 26/29 MP: 2/2
   446 | D:2      | Reached skill level 1 in Dodging
   446 | D:2      | Reached XP level 3. HP: 28/37 MP: 3/3
   819 | D:2      | Found a bloodstained altar of Trog.
   876 | D:2      | Noticed Natasha
   882 | D:2      | Killed Natasha
   882 | D:2      | Reached XP level 4. HP: 42/44 MP: 4/4
   897 | D:2      | Noticed Natasha
   903 | D:2      | Killed Natasha
   903 | D:2      | Reached skill level 6 in Fighting
  1158 | D:2      | Reached XP level 5. HP: 40/50 MP: 5/5
  1187 | D:2      | Noticed Natasha
  1193 | D:2      | Killed Natasha
  1943 | D:3      | Found a glowing drain.
  1961 | Sewer    | Entered a sewer
  2196 | Sewer    | Reached skill level 5 in Maces & Flails
  2218 | Sewer    | Slain by a river rat

Vault maps used:
D:1:      lemuel_arrival_room
D:2:      old_standard_altar, uniq_natasha
D:3:      portal_sewer_entry_d, uniq_crazy_yiuf_cottage
Sewer:    sewer_minmay_treatment

Skill      XL: |  1  2  3  4  5 |
---------------+----------------+-----
Dodging        | 1 2 |  2.6
Maces & Flails | 4 5 |  5.0
Fighting       | 6 |  6.3
Throwing       | |  1.0
Stealth        | |  1.0

Action                   |  1- 3 |  4- 6 || total
-------------------------+-------+-------++-------
Melee: Mace              |    94 |       ||    94
       Whip              |     4 |   154 ||   158
       Unarmed           |       |     3 ||     3
  Use: Scroll            |       |     8 ||     8
       Potion            |       |     1 ||     1
 Stab: Sleeping          |     1 |     2 ||     3
  Eat: Chunk             |       |     2 ||     2
       Fruit             |       |     2 ||     2
